 Dungeon Crawl Stone Soup version 0.28.0-43-g3370ac3207 (webtiles) character file.

Game seed: 6387025516626361733

12534 momonemomo201 the Protected (level 11, -15/83 HPs)
             Began as a Gnoll Wanderer on Mar 17, 2022.
             Was an Initiate of Gozag.
             Demolished by a large slime creature (31 damage)
             ... on level 12 of the Dungeon.
             The game lasted 00:50:37 (11985 turns).

momonemomo201 the Protected (Gnoll Wanderer)       Turns: 11985, Time: 00:50:39

Health: -15/83     AC: 16    Str: 21    XL:     11   Next: 94%
Magic:  23/23      EV: 14    Int: 15    God:    Gozag
Gold:   2620       SH:  0    Dex: 20    Spells: 12/27 levels left

rFire   + . .      SeeInvis .   O - +9 war axe "Jeitsiar" {vorpal, +Blink rC+ Str+3 Dex+4}
rCold   + + +      Faith    .   (no shield)
rNeg    . . .      Spirit   .   s - +0 ice dragon scales
rPois   .          Reflect  .   (no helmet)
rElec   +          Harm     .   N - scarf {rC+ rF+}
rCorr   .          Rampage  .   A - +0 pair of gloves
Will    .....                   F - +0 pair of boots
Stlth   ++........              H - amulet of regeneration
HPRegen 1.03/turn               x - +6 ring of dexterity
MPRegen 0.18/turn               d - ring of Hofairad {Fire rElec Int+4}

@: gold aura
A: fangs 1, strong nose, distributed training
a: Renounce Religion, Evoke Blink, Potion Petition, Call Merchant, Bribe Branch


You were on level 12 of the Dungeon.
You worshipped Gozag.
Gozag was most pleased with you.
You visited 2 branches of the dungeon, and saw 13 of its levels.

You collected 3714 gold pieces.
You spent 954 gold pieces at shops.
You paid 140 gold pieces to Gozag.

Inventory:

Hand Weapons
 y - a +6 dire flail of holy wrath
 O - the +9 war axe "Jeitsiar" (weapon) {vorpal, +Blink rC+ Str+3 Dex+4}
   (You took it off a centaur warrior on level 10 of the Dungeon)

   It inflicts extra damage upon your enemies.
   Str:       It affects your strength (+3).
   Dex:       It affects your dexterity (+4).
   rC:        It protects you from cold.
   +Blink:    It lets you blink.
Missiles
 c - 5 boomerangs of dispersal
 j - 322 stones (quivered)
 n - 4 atropa-tipped darts
 E - 6 boomerangs
 V - 2 poisoned darts
Armour
 s - +0 ice dragon scales (worn)
 z - a +2 ring mail of fire resistance
 A - a +0 pair of gloves (worn)
 F - a +0 pair of boots (worn)
 G - a +2 cloak
 N - a scarf of resistance (worn)
 S - +0 pearl dragon scales
Magical Staves
 w - a staff of cold
Jewellery
 d - the ring of Hofairad (right hand) {Fire rElec Int+4}
   (You bought it in a shop on level 1 of the Dungeon)

   [ring of fire]

   It enhances your fire magic.
   Int:       It affects your intelligence (+4).
   rF:        It protects you from fire.
   rC:        It makes you vulnerable to cold.
   rElec:     It insulates you from electricity.
 e - an amulet of magic regeneration
 x - a +6 ring of dexterity (left hand)
 H - an amulet of regeneration (around neck)
 P - the ring "Onlak" {Int+4 Dex+6}
   (You took it off an orc on level 10 of the Dungeon)

   [ring of dexterity]

   Int:       It affects your intelligence (+4).
   Dex:       It affects your dexterity (+6).
 Q - the ring of the Magpie {Will++ rCorr Dex+2}
   (You took it off an orc warrior on level 10 of the Dungeon)

   [ring of resist corrosion]

   Dex:       It affects your dexterity (+2).
   rCorr:     It protects you from acid and corrosion.
   Will:      It greatly increases your willpower.
Wands
 a - a wand of flame (48)
 v - a wand of iceblast (5)
 D - a wand of charming (9)
 J - a wand of polymorph (8)
Scrolls
 b - 5 scrolls of teleportation
 f - a scroll of blinking
 m - 2 scrolls of fog
 p - 2 scrolls of enchant armour
 r - a scroll of amnesia
 t - a scroll of enchant weapon
 B - a scroll of brand weapon
 L - 3 scrolls of fear
 R - a scroll of holy word {unknown}
 T - a scroll of immolation {unknown}
 U - a scroll of vulnerability {unknown}
Potions
 g - a potion of ambrosia {unknown}
 h - 2 potions of lignification
 i - 5 potions of berserk rage
 k - 2 potions of attraction
 l - 6 potions of curing
 o - a potion of mutation {unknown}
 q - a potion of heal wounds
 u - 4 potions of flight
 C - 2 potions of degeneration
 I - a potion of might
 K - a potion of haste
 M - a potion of brilliance


   Skills:
 + Level 6.7 Fighting
 + Level 6.7 Short Blades
 + Level 6.7 Long Blades
 + Level 6.7 Axes
 + Level 6.7 Maces & Flails
 + Level 6.7 Polearms
 + Level 6.7 Staves
 + Level 6.7 Slings
 + Level 6.7 Bows
 + Level 6.7 Crossbows
 + Level 6.7 Throwing
 + Level 10.9 Armour
 + Level 7.3 Dodging
 + Level 6.7 Stealth
 + Level 6.7 Shields
 + Level 6.7 Unarmed Combat
 + Level 8.5 Spellcasting
 + Level 6.0 Conjurations
 + Level 5.6 Hexes
 + Level 5.6 Summonings
 + Level 5.6 Necromancy
 + Level 5.6 Translocations
 + Level 5.6 Transmutations
 + Level 5.6 Fire Magic
 + Level 5.6 Ice Magic
 + Level 5.6 Air Magic
 + Level 5.6 Earth Magic
 + Level 5.6 Poison Magic
 + Level 8.8 Invocations
 + Level 6.7 Evocations


You had 12 spell levels left.
You knew the following spells:

 Your Spells              Type           Power      Damage    Failure   Level
a - Foxfire               Conj/Fire      100%       2x1d9     2%          1
b - Stone Arrow           Conj/Erth      46%        3d9       9%          3
c - Mephitic Cloud        Conj/Pois/Air  23%        N/A       9%          3
d - Cause Fear            Hex            11%        N/A       28%         4
e - Passwall              Tmut/Erth      19%        N/A       4%          2
f - Poisonous Vapours     Pois/Air       46%        N/A       4%          2

Your spell library contained the following spells:

 Spells                   Type           Power      Damage    Failure   Level
 Magic Dart               Conj           96%        1d7       2%          1
 Sandblast                Erth           46%        2d11      3%          1
 Sting                    Tmut/Pois      92%        1d7       3%          1
 Summon Small Mammal      Summ           92%        N/A       3%          1
 Call Imp                 Summ           23%        N/A       4%          2
 Animate Dead             Necr           11%        N/A       28%         4
 Olgreb's Toxic Radiance  Pois           23%        N/A       28%         4
 Summon Mana Viper        Hex/Summ       23%        N/A       63%         5
 Haunt                    Necr/Summ      11%        N/A       100%        7
 Infestation              Necr           11%        N/A       100%        8


Dungeon Overview and Level Annotations

Branches:
Dungeon (12/15)            Temple (1/1) D:7            Lair (0/6) D:11
    Orc: D:9-12

Altars:
Ashenzari
Cheibriados
Dithmenos
Elyvilon
Fedhas
Gozag
Hepliaklqana
Kikubaaqudgha
Makhleb
Nemelex Xobeh
Okawaru
Qazlal
Ru
Sif Muna
Trog
Uskayaw
Vehumet
Wu Jian
Xom
Yredelemnul
Zin
The Shining One

Shops:
D:1 *=[[(   D:2 :   D:3 *   D:6 *   D:9 *!(?[


Innate Abilities, Weirdness & Mutations

You have very sharp teeth.
Your uncanny sense of smell can sniff out nearby items.
Your experience applies equally to all skills.


Message History

The slime creature misses you. The slime creature hits you.
The large slime creature hits you. The slime creature hits you.
Unknown command.
You completely miss the large slime creature.
The large slime creature is heavily wounded.
You slash the slime creature! x2; The slime creature misses you.
The large slime creature hits you!! The slime creature barely misses you.
Unknown command.
You hit the large slime creature.
You bite the large slime creature, but do no damage.
The large slime creature is heavily wounded.
You hit the slime creature. You slash the slime creature!
The slime creature hits you! The large slime creature hits you!!
* * * LOW HITPOINT WARNING * * *
The slime creature barely misses you.
You feel much better. The slime creature barely misses you.
The large slime creature closely misses you.
The slime creature closely misses you.
Unknown command.
You slash the large slime creature!
The large slime creature is heavily wounded.
You hit the slime creature but do no damage.
You slash the slime creature! The slime creature barely misses you.
The large slime creature hits you! The slime creature barely misses you.
The slime creature hits you.
Unknown command.
You slash the large slime creature!
The large slime creature is severely wounded.
You slash the slime creature!
You kill the slime creature!
You hit the slime creature. The large slime creature hits you!!
* * * LOW HITPOINT WARNING * * *
The slime creature hits you but does no damage.
You feel much better. The large slime creature hits you!!
* * * LOW HITPOINT WARNING * * *
The slime creature closely misses you.
Unknown command.
You feel much better. The large slime creature hits you!!
You die...
Your body crumbles into a pile of gold.

..#####...#......................
.. #...#...................... ..
....#######..##..####....## .
#######..##..##..####....#
......................#
......................#
......................#
......................#
.##..$@####....###...# #..JJ#
....# ......... ..... ..........
.... ........... ... ............
#############


You could see a large slime creature and a slime creature.

Vanquished Creatures
  An ice dragon (shapeshifter) (D:9)
  A centaur warrior (D:10)
  Erica (D:10)
  A two-headed ogre (D:9)
  Pikel (D:9)
  2 cyclopes
  2 ugly things
  An elephant (D:11)
  2 trolls
  A meliai (D:10)
  A merfolk (shapeshifter) (D:10)
  A slime creature (D:12)
  2 wyverns
  A wraith (D:12)
  6 yaks
  2 steam dragons
  2 basilisks (D:11)
  3 acid dragons
  Edmund (D:4)
  3 water moccasins
  4 orc warriors
  A sky beast (D:6)
  A black bear (D:11)
  3 ice beasts
  3 necrophages
  A hornet zombie (D:8)
  3 ogres
  10 centaurs
  A lemure (D:9)
  2 phantoms
  A bullfrog (D:6)
  2 wyvern zombies
  A scorpion (D:4)
  3 killer bees (D:8)
  2 howler monkeys
  An iron imp (D:8)
  3 jellies
  5 orc priests
  4 hounds
  2 centaur zombies
  Crazy Yiuf (D:4)
  A bullfrog skeleton (D:5)
  A gnoll shaman (D:6)
  2 iguanas
  5 orc wizards
  A hound skeleton (D:4)
  A howler monkey zombie (D:9)
  6 adders
  3 gnolls (D:6)
  A shadow imp (D:7)
  2 white imps
  An ufetubus (D:5)
  2 dart slugs
  25 orcs
  5 bats
  10 endoplasms
  8 giant cockroaches
  8 hobgoblins
  7 kobolds
  2 quokkas
  5 ball pythons
  4 frilled lizards
  9 goblins
  9 rats
207 creatures vanquished.

Vanquished Creatures (others)
  Maurice (D:8)
  81 foxfires
  2 fungi (D:11)
  A plant (D:11)
85 creatures vanquished.

Grand Total: 292 creatures vanquished

Notes
Turn   | Place    | Note
-------+----------+-------------------------------------------
     0 | D:1      | momonemomo201 the Gnoll Wanderer began the quest for the
                  | Orb.
     0 | D:1      | momonemomo201 set off with the following items: a +0 club,
                  | a scroll of teleportation, a +2 scale mail; and the
                  | following spell memorised: Foxfire; and the following
                  | spells available to memorise: Stone Arrow
     0 | D:1      | Reached XP level 1. HP: 13/13 MP: 6/6
   106 | D:1      | Reached XP level 2. HP: 16/19 MP: 7/7
   119 | D:1      | Found Nahiufo's Armour Shop.
   120 | D:1      | Found Qoxiux's Antique Armour Emporium.
   497 | D:1      | Found Tawn's Assorted Antiques.
   498 | D:1      | Found Durchong's Jewellery Shoppe.
   697 | D:1      | Reached XP level 3. HP: 25/25 MP: 5/9
   769 | D:1      | Reached skill level 5 in Spellcasting
   851 | D:1      | Found Kuddeper's Weapon Shoppe.
  1263 | D:2      | Found Guskelim's Book Boutique.
  1268 | D:2      | Reached skill level 1 in Fighting
  1268 | D:2      | Reached skill level 1 in Short Blades
  1268 | D:2      | Reached skill level 1 in Long Blades
  1268 | D:2      | Reached skill level 1 in Axes
  1268 | D:2      | Reached skill level 1 in Maces & Flails
  1268 | D:2      | Reached skill level 1 in Polearms
  1268 | D:2      | Reached skill level 1 in Staves
  1268 | D:2      | Reached skill level 1 in Slings
  1268 | D:2      | Reached skill level 1 in Bows
  1268 | D:2      | Reached skill level 1 in Crossbows
  1268 | D:2      | Reached skill level 1 in Throwing
  1268 | D:2      | Reached skill level 1 in Stealth
  1268 | D:2      | Reached skill level 1 in Shields
  1268 | D:2      | Reached skill level 1 in Unarmed Combat
  1268 | D:2      | Reached skill level 1 in Evocations
  1347 | D:2      | Found a faded altar of an unknown god.
  1596 | D:2      | Reached XP level 4. HP: 32/32 MP: 11/11
  2145 | D:3      | Learned a level 3 spell: Stone Arrow
  2336 | D:3      | Found Luytzabo's Assorted Antiques.
  2536 | D:3      | Found an ancient bone altar of Kikubaaqudgha.
  2536 | D:3      | Found a shimmering blue altar of Sif Muna.
  2538 | D:3      | Found a radiant altar of Vehumet.
  2543 | D:3      | Got Sif Muna's Collected Works on the Entourage
  2652 | D:3      | Reached skill level 1 in Hexes
  2652 | D:3      | Reached skill level 1 in Summonings
  2652 | D:3      | Reached skill level 1 in Necromancy
  2652 | D:3      | Reached skill level 1 in Translocations
  2652 | D:3      | Reached skill level 1 in Transmutations
  2652 | D:3      | Reached skill level 1 in Fire Magic
  2652 | D:3      | Reached skill level 1 in Ice Magic
  2652 | D:3      | Reached skill level 1 in Air Magic
  2652 | D:3      | Reached skill level 1 in Earth Magic
  2652 | D:3      | Reached skill level 1 in Poison Magic
  2659 | D:3      | Reached XP level 5. HP: 34/37 MP: 12/12
  2931 | D:4      | Noticed a necrophage
  2955 | D:4      | Killed a necrophage
  2956 | D:4      | Reached skill level 5 in Invocations
  2956 | D:4      | Reached XP level 6. HP: 29/44 MP: 14/14
  3439 | D:4      | Noticed Edmund
  3460 | D:4      | Killed Edmund
  3461 | D:4      | Reached XP level 7. HP: 5/50 MP: 15/15
  3764 | D:4      | Found a sparkling altar of Nemelex Xobeh.
  3821 | D:4      | Got the Papyrus of the Vitriolic Oath
  3834 | D:4      | Learned a level 3 spell: Mephitic Cloud
  4213 | D:4      | Found a runed translucent door.
  4214 | D:4      | Noticed Crazy Yiuf
  4221 | D:4      | Killed Crazy Yiuf
  4284 | D:4      | Identified 2 scrolls of acquirement
  4284 | D:4      | Acquired 1119 gold pieces
  4290 | D:4      | Acquired 1075 gold pieces
  4365 | D:3      | Bought 2 fizzy red potions for 46 gold pieces
  4365 | D:3      | Bought a scroll labelled ZODOYP NIJA for 26 gold pieces
  4365 | D:3      | Bought a scroll labelled ZODOYP NIJA for 26 gold pieces
  4502 | D:1      | Bought the ring of Hofairad {Fire rElec Int+4} for 474 gold
                  | pieces
  4508 | D:1      | Learned a level 4 spell: Cause Fear
  4646 | D:5      | Entered Level 5 of the Dungeon
  4732 | D:5      | Reached skill level 9 in Armour
  4841 | D:5      | Reached XP level 8. HP: 53/57 MP: 16/16
  5356 | D:5      | Found a burning altar of Makhleb.
  6125 | D:6      | Reached XP level 9. HP: 56/65 MP: 18/18
  6169 | D:6      | Found Kiban's General Store.
  6655 | D:7      | Found a glowing golden altar of the Shining One.
  6710 | D:7      | Found a staircase to the Ecumenical Temple.
  6721 | Temple   | Entered the Ecumenical Temple
  6950 | Temple   | Became a worshipper of Gozag Ym Sagoz the Greedy
  7098 | D:7      | Found an ornate altar of the Wu Jian Council.
  7221 | D:7      | Reached skill level 5 in Dodging
  7566 | D:7      | Found an iron altar of Okawaru.
  7566 | D:7      | Found a hazy altar of Hepliaklqana.
  7729 | D:8      | Noticed Maurice
  7757 | D:8      | Killed Maurice
  8234 | D:8      | Found a snail-covered altar of Cheibriados.
  8287 | D:8      | Found a bloodstained altar of Trog.
  8296 | D:8      | Found a basalt altar of Yredelemnul.
  8729 | D:9      | Found Xovotelu's Distillery.
  8752 | D:9      | Bought a potion of curing for 51 gold pieces
  8752 | D:9      | Bought a potion of heal wounds for 85 gold pieces
  8821 | D:9      | Noticed Pikel
  8839 | D:9      | Killed Pikel
  8840 | D:9      | Reached skill level 5 in Fighting
  8840 | D:9      | Reached skill level 5 in Short Blades
  8840 | D:9      | Reached skill level 5 in Long Blades
  8840 | D:9      | Reached skill level 5 in Axes
  8840 | D:9      | Reached skill level 5 in Maces & Flails
  8840 | D:9      | Reached skill level 5 in Polearms
  8840 | D:9      | Reached skill level 5 in Staves
  8840 | D:9      | Reached skill level 5 in Slings
  8840 | D:9      | Reached skill level 5 in Bows
  8840 | D:9      | Reached skill level 5 in Crossbows
  8840 | D:9      | Reached skill level 5 in Throwing
  8840 | D:9      | Reached skill level 5 in Stealth
  8840 | D:9      | Reached skill level 5 in Shields
  8840 | D:9      | Reached skill level 5 in Unarmed Combat
  8840 | D:9      | Reached skill level 5 in Evocations
  8840 | D:9      | Reached XP level 10. HP: 74/74 MP: 20/20
  9023 | D:9      | Found Reuwaic's Antique Armour Boutique.
  9098 | D:9      | Reached skill level 10 in Armour
  9143 | D:9      | Found Qeicib's Magic Scroll Shoppe.
  9169 | D:9      | Noticed a two-headed ogre
  9194 | D:9      | Killed a two-headed ogre
  9353 | D:9      | Found Loreze's Antique Weapon Shoppe.
  9355 | D:9      | Bought a scroll of blinking for 75 gold pieces
  9355 | D:9      | Bought a scroll of fear for 35 gold pieces
  9427 | D:9      | Found a stormy altar of Qazlal.
  9445 | D:9      | Reached skill level 5 in Conjurations
  9551 | D:9      | Found Jedufir's General Store.
  9559 | D:9      | Bought a scroll of enchant armour for 97 gold pieces
  9559 | D:9      | Bought a potion of degeneration for 13 gold pieces
  9559 | D:9      | Bought a scroll of identify for 26 gold pieces
  9628 | D:10     | Entered Level 10 of the Dungeon
  9893 | D:10     | Noticed Erica
 10024 | D:10     | Killed Erica
 10025 | D:10     | Reached XP level 11. HP: 80/81 MP: 12/22
 10128 | D:10     | Noticed a deep troll
 10132 | D:10     | Noticed a green ugly thing
 10133 | D:10     | Noticed an ogre mage
 10136 | D:10     | Noticed a sea snake
 10136 | D:10     | a deep troll changed into a sea snake
 10138 | D:10     | Noticed a cyan ugly thing
 10138 | D:10     | Identified the +9 war axe "Jeitsiar" {vorpal, +Blink rC+
                  | Str+3 Dex+4}
 10138 | D:10     | Noticed a centaur warrior
 10189 | D:9      | Killed a green ugly thing
 10279 | D:9      | Noticed an ice dragon
 10279 | D:9      | a sea snake changed into an ice dragon
 10280 | D:9      | Killed an ice dragon
 10281 | D:9      | Reached skill level 5 in Hexes
 10281 | D:9      | Reached skill level 5 in Summonings
 10281 | D:9      | Reached skill level 5 in Necromancy
 10281 | D:9      | Reached skill level 5 in Translocations
 10281 | D:9      | Reached skill level 5 in Transmutations
 10281 | D:9      | Reached skill level 5 in Fire Magic
 10281 | D:9      | Reached skill level 5 in Ice Magic
 10281 | D:9      | Reached skill level 5 in Air Magic
 10281 | D:9      | Reached skill level 5 in Earth Magic
 10281 | D:9      | Reached skill level 5 in Poison Magic
 10345 | D:9      | Learned a level 2 spell: Passwall
 10348 | D:9      | Learned a level 2 spell: Poisonous Vapours
 10365 | D:10     | Killed a cyan ugly thing
 10443 | D:10     | Killed a centaur warrior
 10451 | D:10     | Noticed a shock serpent
 10469 | D:10     | Noticed a cyclops
 10474 | D:10     | Identified the ring of the Magpie {Will++ rCorr Dex+2}
 10475 | D:10     | Identified the ring "Onlak" {Int+4 Dex+6}
 10488 | D:10     | Noticed a boulder beetle
 11117 | D:11     | Noticed a cyclops
 11131 | D:11     | Killed a cyclops
 11715 | D:11     | Found a staircase to the Lair.
 11841 | D:11     | Noticed a skeletal warrior
 11843 | D:11     | Noticed a skeletal warrior
 11870 | D:12     | Noticed a cyclops
 11880 | D:12     | Killed a cyclops
 11984 | D:12     | HP: 1/83 [large slime creature (29)]
 11985 | D:12     | Demolished by a large slime creature

Illustrated notes

Levels and vault maps discovered:
D:1:      lightli_arrival_maybe_door_vault, layout_basic, serial_shops,
          shop_fountains, shop, shop, shop, shop
D:2:      layout_basic, shapermc_ecumenical_altar_mp_highgroup, serial_shops,
          shop_fountains, minmay_misc_feat_roman
D:3:      layout_loops_corners, grunt_temple_overflow_magic_moments,
          serial_shops, nicolae_shop_trees
D:4:      layout_basic, mainiacjoe_overflow_tiny_flanked, uniq_edmund,
          uniq_crazy_yiuf_cottage
D:5:      layout_loops_corners, mainiacjoe_overflow_small_starburst,
          nicolae_figureground_sparkle
D:6:      layout_cave_pools, serial_shops, shop_fountains, dk_noncrumbling_4
D:7:      layout_loops_ring, nicolae_wu_jian_wuxing_cycle, lemuel_crystal_altar,
          gammafunk_temple_overflow_statue, minmay_temple_entry_arrows
D:8:      layout_basic, slow_altar_2, amethyst_overflow_temple_binary,
          uniq_maurice
D:9:      layout_rooms, nicolae_qazlal_eye_of_the_storm, serial_shops, shop,
          nicolae_diamond_shop, nicolae_shop_hallway_stairs, shop, shop,
          uniq_pikel
D:10:     minmay_cut_squares, layout_rooms, uniq_erica
D:11:     layout_stronghold, david_lair_generic, minmay_misc_feat_cross
D:12:     layout_stronghold, orc_0_dummy
Temple:   nicolae_temple_figure_zero

Skill      XL: |  1  2  3  4  5  6  7  8  9 10 11 |
---------------+----------------------------------+-----
Conjurations   | 2 3 4 5 6 |  6.0
Spellcasting   | 5 6 7 8 |  8.5
Fighting       | 1 2 3 5 6 |  6.7
Short Blades   | 1 2 3 5 6 |  6.7
Long Blades    | 1 2 3 5 6 |  6.7
Axes           | 1 2 3 5 6 |  6.7
Maces & Flails | 1 2 3 5 6 |  6.7
Polearms       | 1 2 3 5 6 |  6.7
Staves         | 1 2 3 5 6 |  6.7
Slings         | 1 2 3 5 6 |  6.7
Bows           | 1 2 3 5 6 |  6.7
Crossbows      | 1 2 3 5 6 |  6.7
Throwing       | 1 2 3 5 6 |  6.7
Stealth        | 1 2 3 5 6 |  6.7
Shields        | 1 2 3 5 6 |  6.7
Unarmed Combat | 1 2 3 5 6 |  6.7
Evocations     | 1 2 3 5 6 |  6.7
Hexes          | 1 2 3 4 5 |  5.6
Summonings     | 1 2 3 4 5 |  5.6
Necromancy     | 1 2 3 4 5 |  5.6
Translocations | 1 2 3 4 5 |  5.6
Transmutations | 1 2 3 4 5 |  5.6
Fire Magic     | 1 2 3 4 5 |  5.6
Ice Magic      | 1 2 3 4 5 |  5.6
Air Magic      | 1 2 3 4 5 |  5.6
Earth Magic    | 1 2 3 4 5 |  5.6
Poison Magic   | 1 2 3 4 5 |  5.6
Dodging        | 3 4 5 6 7 |  7.3
Invocations    | 5 6 7 8 |  8.8
Armour         | 9 10 | 10.9

Action                   |  1- 3 |  4- 6 |  7- 9 | 10-12 || total
-------------------------+-------+-------+-------+-------++-------
Melee: Spear             |    91 |   119 |       |       ||   210
       Bite              |     4 |    13 |    25 |    43 ||    85
       Punch             |     1 |     2 |       |     5 ||     8
       Dire flail        |       |       |   238 |   122 ||   360
       War axe           |       |       |       |   108 ||   108
Throw: Stone             |       |     6 |     4 |     1 ||    11
       Throwing net      |       |       |     1 |       ||     1
 Cast: Foxfire           |    12 |    10 |    12 |    20 ||    54
       Stone Arrow       |       |       |       |     9 ||     9
       Mephitic Cloud    |       |       |       |     2 ||     2
 Abil: Evoke Blink       |       |       |       |     2 ||     2
Evoke: Wand              |       |       |       |     2 ||     2
  Use: Scroll            |       |       |     4 |    12 ||    16
       Potion            |       |       |       |    11 ||    11
 Stab: Distracted        |       |       |     1 |     4 ||     5
       Held in net/web   |       |       |     1 |       ||     1
       Sleeping          |       |       |       |     1 ||     1
Armor: Scale mail        |    28 |       |       |       ||    28
       Ring mail         |     3 |     6 |       |       ||     9
       Ice dragon scales |       |    37 |   113 |   172 ||   322
Dodge: Dodged            |    26 |    20 |   136 |   208 ||   390
